 Dungeon Sprint DCSS version 0.29-a0-303-ge4682ce883 (webtiles) character file.

Game seed: 3509728316231682914

452 Conn the Arsonist (level 7, -7/45 HPs)
             Began as an Octopode Fire Elementalist on Mar 25, 2022.
             Was a High Priest of Sif Muna.
             Mangled by a dream sheep (21 damage)
             ... in the Dungeon (Sprint VII: "The Pits").
             The game lasted 00:05:45 (915 turns).

Conn the Arsonist (Octopode Fire Elementalist)       Turns: 915, Time: 00:05:45

Health: -7/45      AC:  1    Str:  8    XL:     7   Next: 4%
Magic:  10/16      EV:  2    Int: 19    God:    Sif Muna [*****.]
Gold:   0          SH:  0    Dex: 12    Spells: 3/19 levels left

rFire   . . .      SeeInvis .   k - +2 dagger (venom)
rCold   . . .      Faith    .   (no shield)
rNeg    . . .      Spirit   .   (helmet restricted)
rPois   .          Reflect  .   (no amulet)
rElec   .          Harm     .   (no ring)
rCorr   .          Rampage  .   (no ring)
Will    .....      NoTele   +   (no ring)
Stlth   +++++.....              (no ring)
HPRegen 0.15/turn               (no ring)
MPRegen 0.15/turn               (no ring)
                                (no ring)
                                (no ring)

@: sleeping, invisible
A: almost no armour, amphibious, 8 rings, camouflage 1, gelatinous body 1,
(nimble swimmer 1), tentacles
a: Renounce Religion, Channel Magic, Forget Spell, Divine Exegesis


You were in the Dungeon.
You worshipped Sif Muna.
Sif Muna was extremely pleased with you.
You visited 1 branch

Inventory:

Hand Weapons
 g - a +2 dagger of draining
 k - a +2 dagger of venom (weapon)
Scrolls
 f - a scroll of blinking
 i - 5 scrolls of amnesia
Potions
 a - 5 potions of magic
 b - 6 potions of curing
 c - 4 potions of heal wounds
 d - a potion of haste
 e - 2 potions of berserk rage
 h - a potion of invisibility


   Skills:
 + Level 2.2 Fighting
 + Level 3.8 Short Blades
 + Level 5.1 Dodging
 + Level 7.8 Stealth
 + Level 6.6 Spellcasting
 + Level 4.2 Conjurations
 + Level 9.1 Fire Magic


You had 3 spell levels left.
You knew the following spells:

 Your Spells              Type           Power      Damage    Failure   Level
a - Foxfire               Conj/Fire      100%       2x1d9     1%          1
b - Conjure Flame         Conj/Fire      31%        6-21      1%          3
c - Inner Flame           Hex/Fire       23%        N/A       4%          3
d - Flame Wave            Conj/Fire      31%        2d8       7%          4
e - Scorch                Fire           82%        2d9       1%          2
f - Frozen Ramparts       Ice            12%        1d3       32%         3

Your spell library contained the following spells:

 Spells                   Type           Power      Damage    Failure   Level
 Ice Form                 Ice/Tmut       6%         N/A       71%         4
 Summon Ice Beast         Ice/Summ       6%         N/A       71%         4


Dungeon Overview and Level Annotations

Branches:
Dungeon (1/1)

Altars:
Ashenzari
Cheibriados
Dithmenos
Elyvilon
Fedhas
Gozag
Hepliaklqana
Kikubaaqudgha
Makhleb
Nemelex Xobeh
Okawaru
Qazlal
Ru
Sif Muna
Trog
Uskayaw
Vehumet
Wu Jian
Xom
Yredelemnul
Zin
The Shining One
Beogh
Jiyva
Lugonu


Innate Abilities, Weirdness & Mutations

You cannot wear most types of armour.
You are amphibious.
You can wear up to eight rings at the same time.
Your skin changes colour to match your surroundings (Stealth+).
Your rubbery body absorbs attacks. (AC +1, EV +1)
((You are camouflaged when in or above water. (Stealth+)))
You have tentacles for arms and can constrict up to eight enemies at once.


Message History

The dream sheep bleats! x2
A dream sheep comes into view. x2
The dream sheep bites you!!
You wake up.
Unknown command.
Unknown command.
You fade into invisibility!
The dream sheep closely misses you.
Unknown command.
There is an open door here.
There is an open door here.
Casting: Foxfire (safe; 1% risk of failure)
Confirm with . or Enter, or press ? or * to list all spells.
Casting: Flame Wave (dangerous; 7% risk of failure)
Press: ? - help, Dir - look around, f - activate A wave of flame ripples out!
The flame wave engulfs the dream sheep!
The dream sheep is moderately wounded. (Press . to intensify the flame waves.)
The dream sheep bleats!
The dream sheep misses you.
A wave of flame ripples out!
The flame wave engulfs the dream sheep!
The dream sheep is severely wounded.
The flame wave engulfs the dream sheep!
The dream sheep is heavily wounded.
Unknown command.
A wave of flame ripples out!
The flame wave engulfs the dream sheep.
The dream sheep is almost dead.
The flame wave engulfs the dream sheep!
The dream sheep is severely wounded.
The flame wave engulfs the dream sheep.
The dream sheep is lightly wounded.
The flame wave engulfs the wolf.
The wolf is moderately wounded.
The flame wave engulfs the dream sheep!
The dream sheep is heavily wounded.
You finish channelling waves of flame.
The dream sheep bites you!
* * * LOW HITPOINT WARNING * * *
The dream sheep are wreathed in dream dust.
You feel drowsy...
You fall asleep.
The dream sheep bites you!!
You die...

#)#........##.......#
#)###########.......#
#†......#..##########
#.......#.######
#...#)..#.#....#
#).###..#'#YY..#
#...#...#Yhr...+
#.......#Y#Yr..#
#.......@Y# ...#
########### ###


You could see a wolf, 5 dream sheep and a hell rat (can't see you).

Vanquished Creatures
  A warg (D)
  An orc warrior (D)
  A wolf (D)
  A gnoll shaman (D)
  A white imp (D)
  An ufetubus (D)
  An adder skeleton (D)
  An orc (D)
  A bat zombie (D)
  An endoplasm (D)
  2 giant cockroaches (D)
  A hobgoblin (D)
  4 jackals (D)
  A ball python skeleton (D)
  A bat (D)
  A frilled lizard (D)
  A rat (D)
21 creatures vanquished.

Vanquished Creatures (collateral kills)
  2 orc priests (D)
  Crazy Yiuf (D)
  2 orcs (D)
  A quokka zombie (D)
6 creatures vanquished.

Vanquished Creatures (others)
  40 foxfires (D)
40 creatures vanquished.

Grand Total: 67 creatures vanquished

Notes
Turn   | Place    | Note
-------+----------+-------------------------------------------
     0 | D        | Conn the Octopode Fire Elementalist began the quest for the
                  | Orb.
     0 | D        | Reached XP level 1. HP: 11/11 MP: 3/3
    40 | D        | Found a bloodstained altar of Trog.
    40 | D        | Found a shimmering blue altar of Sif Muna.
    40 | D        | Found a viscous altar of Jiyva.
    40 | D        | Found a hazy altar of Hepliaklqana.
    40 | D        | Found an opulent altar of Gozag.
    41 | D        | Found a glowing golden altar of the Shining One.
    41 | D        | Found a glowing silver altar of Zin.
    41 | D        | Found a basalt altar of Yredelemnul.
    41 | D        | Found a shimmering altar of Xom.
    41 | D        | Found an ornate altar of the Wu Jian Council.
    41 | D        | Found a sacrificial altar of Ru.
    41 | D        | Found a stormy altar of Qazlal.
    41 | D        | Found an iron altar of Okawaru.
    41 | D        | Found a sparkling altar of Nemelex Xobeh.
    41 | D        | Found a burning altar of Makhleb.
    41 | D        | Found a blossoming altar of Fedhas.
    41 | D        | Found a white marble altar of Elyvilon.
    41 | D        | Found a shadowy altar of Dithmenos.
    41 | D        | Found a snail-covered altar of Cheibriados.
    43 | D        | Found a corrupted altar of Lugonu.
    43 | D        | Found a radiant altar of Vehumet.
    44 | D        | Found an ancient bone altar of Kikubaaqudgha.
    44 | D        | Found a hide-covered altar of Uskayaw.
    44 | D        | Found a broken altar of Ashenzari.
    45 | D        | Became a worshipper of Sif Muna the Loreminder
    70 | D        | Reached * piety under Sif Muna
    78 | D        | Reached XP level 2. HP: 11/17 MP: 0/5
    78 | D        | Reached ** piety under Sif Muna
   236 | D        | Learned a level 2 spell: Scorch
   250 | D        | Reached *** piety under Sif Muna
   251 | D        | Reached skill level 4 in Fire Magic
   411 | D        | Noticed a wolf
   411 | D        | Noticed Crazy Yiuf
   418 | D        | Reached XP level 3. HP: 21/21 MP: 4/7
   422 | D        | Learned a level 3 spell: Conjure Flame
   503 | D        | Reached **** piety under Sif Muna
   504 | D        | Reached skill level 1 in Short Blades
   504 | D        | Reached skill level 5 in Fire Magic
   509 | D        | Reached skill level 5 in Stealth
   509 | D        | Reached XP level 4. HP: 27/27 MP: 2/10
   515 | D        | Killed Crazy Yiuf
   515 | D        | Reached ***** piety under Sif Muna
   516 | D        | Reached skill level 1 in Fighting
   516 | D        | Reached skill level 6 in Fire Magic
   523 | D        | Killed a wolf
   524 | D        | Reached skill level 5 in Spellcasting
   524 | D        | Reached skill level 7 in Fire Magic
   524 | D        | Reached XP level 5. HP: 29/33 MP: 0/12
   557 | D        | Received a gift from Sif Muna
   558 | D        | Reached XP level 6. HP: 16/38 MP: 0/14
   563 | D        | Learned a level 3 spell: Inner Flame
   568 | D        | Learned a level 4 spell: Flame Wave
   746 | D        | Noticed a warg
   746 | D        | Noticed an orc warrior
   762 | D        | Killed an orc warrior
   763 | D        | Reached skill level 8 in Fire Magic
   781 | D        | HP: 1/39 [warg (15)]
   783 | D        | Killed a warg
   784 | D        | Reached skill level 5 in Dodging
   784 | D        | Reached skill level 9 in Fire Magic
   784 | D        | Reached XP level 7. HP: 31/45 MP: 1/16
   905 | D        | Learned a level 3 spell: Frozen Ramparts
   906 | D        | Noticed a dream sheep
   906 | D        | Noticed a dream sheep
   906 | D        | Noticed a dream sheep
   906 | D        | Noticed a dream sheep
   907 | D        | Noticed a dream sheep
   907 | D        | Noticed a dream sheep
   915 | D        | Mangled by a dream sheep

Illustrated notes

Levels and vault maps discovered:
D:        pitsprint [storerooms_1, entrance_room_1, metal_vault_6, armoury_1,
          mini_pit_1, grid_room_1, main_hall_1, silver_pit, the_coven_2,
          the_vestibule_1, steel_vault_1, golden_pit, hallway_of_sentries,
          crystal_vault_1, iron_vault_2, final_vault]

Skill      XL: |  1  2  3  4  5  6 |
---------------+-------------------+-----
Stealth        | 3 4 5 6 7 |  7.8
Dodging        | 3 4 5 |  5.1
Spellcasting   | 3 4 5 6 |  6.6
Fire Magic     | 4 5 7 9 |  9.1
Short Blades   | 1 2 3 |  3.8
Conjurations   | 2 4 |  4.2
Fighting       | 1 2 |  2.2

Action                   |  1- 3 |  4- 6 |  7- 9 || total
-------------------------+-------+-------+-------++-------
Melee: Dagger            |    17 |    14 |       ||    31
       Constrict         |     5 |     2 |       ||     7
       Tentacles         |     3 |     2 |       ||     5
 Cast: Foxfire           |     6 |    19 |     1 ||    26
       Scorch            |     1 |       |       ||     1
       Conjure Flame     |     1 |     1 |       ||     2
       Inner Flame       |       |     1 |       ||     1
       Flame Wave        |       |       |     1 ||     1
  Use: Potion            |     1 |     2 |     1 ||     4
       Scroll            |     1 |       |       ||     1
 Stab: Sleeping          |     2 |     1 |       ||     3
Dodge: Dodged            |    10 |    11 |     2 ||    23

Table legend: (Time is in decaauts)
 A = Elapsed time spent in this place.
 B = Non-inter-level travel time spent in this place.
 C = Inter-level travel time spent in this place.
 D = Time resting spent in this place.
 E = Time spent auto-exploring this place.
 F = Levels seen in this place.
 G = Mean time per level.
                   A        B        C        D        E       F      G
               +--------+--------+--------+--------+--------+-----+--------+
         Total |    920 |    920 |      0 |    547 |      0 |   1 |  920.0 |
       Dungeon |    920 |    920 |      0 |    547 |      0 |   1 |  920.0 |
               +--------+--------+--------+--------+--------+-----+--------+

Top non-repeatable levels by time:
       D: 920 daAuts
